 Dungeon Crawl Stone Soup version 0.18-a0-641-g4caf58e (webtiles) character file.

414506 Proton the Inventor (level 22, -12/216 HPs)
             Began as a Deep Dwarf Fighter on Dec 4, 2015.
             Was a Priest of Pakellas.
             Killed from afar by a deep elf annihilator (63 damage)
             ... with a crystal spear
             ... on level 3 of the Elven Halls on Dec 5, 2015.
             The game lasted 03:11:30 (40537 turns).

Proton the Inventor (Deep Dwarf Fighter)           Turns: 40537, Time: 03:11:30

Health: -12/216    AC: 23    Str: 30    XL:     22   Next: 53%
Magic:  0/32       EV: 22    Int: 11    God:    Pakellas [***...]
Gold:   4314       SH:  2    Dex: 12    Spells: 0 memorised, 21 levels left

rFire  + + .     SeeInvis +     B - +11 executioner's axe "Ginui" {flame, Str+4}
rCold  + . .     Clarity  +     K - +2 fire dragon armour
rNeg   + + +     SustAt   .     (shield currently unavailable)
rPois  .         Gourm    .     s - +0 hat
rElec  .         Spirit   +     A - +2 cloak {MR+}
rCorr  +         Dismiss  .     U - +1 pair of gloves of Dashyklu {rN++ rCorr Str-2 SInv}
rMut   .         Rnd*Tele +     c - +0 pair of boots
MR     ++++.                    N - amulet of guardian spirit
Stlth  ..........               a - ring of protection from cold
                                w - +4 ring of slaying

@: non-regenerating, incredibly resistant to hostile enchantments, extremely
unstealthy
A: damage resistance, recharge devices, repulsion field 1, large bone plates 1,
clarity, cold resistance 1, deformed body, low mp 1, negative energy resistance
1, sense surroundings 3, slow regeneration 3, teleportitis 1
a: Device Recharging, Quick Charge, Device Surge, Renounce Religion
}: 2/15 runes: decaying, gossamer


You were on level 3 of the Elven Halls.
You worshipped Pakellas.
Pakellas was most pleased with you.
You were not hungry.

You visited 8 branches of the dungeon, and saw 44 of its levels.
You visited the Abyss 2 times.
You also visited: Labyrinth and Ice Cave.

You collected 4903 gold pieces.
You spent 589 gold pieces at shops.

Inventory:

Hand Weapons
 B - the +11 executioner's axe "Ginui" (weapon) {flame, Str+4}
   (You acquired it on level 14 of the Dungeon)

   It has been specially enchanted to burn those struck by it, causing extra
   injury to most foes and up to half again as much damage against particularly
   susceptible opponents.
   Big, fiery blades are also staple armaments of hydra-hunters.
   It affects your strength (+4).
Armour
 c - a +0 pair of boots (worn)
 p - the +1 cloak "Bekkuiwou" {SInv}
   (You acquired it on level 1 of the Vaults)

   It lets you see invisible.
 s - a +0 hat (worn)
 A - a +2 cloak of magic resistance (worn)
 K - a +2 fire dragon armour (worn)
 U - the +1 pair of gloves of Dashyklu (worn) {rN++ rCorr Str-2 SInv}
   (You acquired it on level 14 of the Dungeon)

   It affects your strength (-2).
   It greatly protects you from negative energy.
   It lets you see invisible.
   It protects you from acid and corrosion.
Jewellery
 a - a ring of protection from cold (right hand)
 w - a +4 ring of slaying (left hand)
 C - an uncursed ring of protection from fire
 N - an amulet of guardian spirit (around neck)
 S - the ring "Ucat" {rN+ Dex+5 Stlth+}
   (You found it in a labyrinth)

   [ring of positive energy]

   It affects your dexterity (+5).
   It protects you from negative energy.
   It makes you more stealthy.
Wands
 l - a wand of teleportation (5)
 v - a wand of heal wounds (1)
 I - a wand of cold (6)
 J - a wand of disintegration (7)
 L - a wand of fire (9)
Scrolls
 b - 8 scrolls of enchant weapon
 e - 6 scrolls of magic mapping
 g - 12 scrolls of teleportation
 m - 6 scrolls of fear
 r - 29 scrolls of remove curse
 x - 5 scrolls of enchant armour
 z - 8 scrolls of blinking
 D - 5 scrolls of fog
 P - 12 scrolls of identify
 T - 3 scrolls of silence
 W - 8 scrolls of immolation
Potions
 d - 8 potions of might
 i - 13 potions of heal wounds
 j - 6 potions of magic
 k - 6 potions of haste
 n - 3 potions of invisibility
 o - 2 potions of resistance
 q - 3 potions of cancellation
 t - 8 potions of flight
 y - 2 potions of berserk rage
 E - 4 potions of brilliance
 F - 6 potions of ambrosia
 G - 22 potions of curing
 H - 5 potions of lignification
 O - 3 potions of agility
Miscellaneous
 h - a sack of spiders {used: 1}
 u - a sack of spiders {used: 4}
 Q - a phantom mirror
 V - a box of beasts {used: 1}
 X - a lamp of fire
 Y - a phial of floods
 Z - a stone of tremors
Comestibles
 f - 16 bread rations
 M - 18 fruits


   Skills:
 + Level 16.7 Fighting
 + Level 19.3 Axes
 + Level 19.0 Armour
 + Level 19.2 Dodging
   Level 3.2 Shields
 + Level 20.9 Evocations


You had 21 spell levels left.
You didn't know any spells.

Dungeon Overview and Level Annotations

Branches:
Dungeon (15/15)            Temple (1/1) D:5            Lair (8/8) D:9
  Swamp (4/4) Lair:4       Spider (4/4) Lair:3        Slime (0/6) Lair:6
    Orc (4/4) D:10            Elf (3/3) Orc:3        Vaults (5/5) D:14
  Crypt (0/3) Vaults:3     Depths (0/5) D:15

Altars:
Ashenzari
Cheibriados
Dithmenos
Elyvilon
Fedhas
Gozag
Kikubaaqudgha
Makhleb
Nemelex Xobeh
Okawaru
Pakellas
Qazlal
Ru
Sif Muna
Trog
Vehumet
Xom
Yredelemnul
Zin
The Shining One
Beogh

Shops:
D:5 (   D:7 (   D:14 :   Orc:3 *   Orc:4 }%*(}   Vaults:1 !

Annotations:
Lair:4 exclusion: oklob plant


Innate Abilities, Weirdness & Mutations

You are resistant to damage.
You can recharge devices by infusing magical energy.
You resist negative energy.
You passively map a large area around you.
You do not regenerate naturally.
You are surrounded by a mild repulsion field (EV +2).
You are partially covered in large bone plates (AC +2, SH +2).
You possess an exceptional clarity of mind.
Your flesh is cold resistant.
Armour fits poorly on your strangely shaped body.
Your magical capacity is low (-10% MP).
You are occasionally teleported next to monsters.


Message History

The deep elf master archer shoots an arrow of flame.
The arrow of flame hits you!! The arrow of flame burns you.
The deep elf annihilator hits you but does no damage.
You slice the deep elf annihilator!! You burn the deep elf annihilator!
The deep elf annihilator is heavily wounded.
The deep elf master archer shoots an arrow of flame.
The arrow of flame hits you!
* * * LOW HITPOINT WARNING * * *
The deep elf master archer shoots an arrow of flame.
The arrow of flame completely misses you.
You slash the deep elf annihilator! You burn the deep elf annihilator.
The deep elf annihilator is severely wounded.
The deep elf annihilator misses you.
The deep elf master archer shoots an arrow of flame.
The arrow of flame hits you but does no damage.
You closely miss the deep elf annihilator.
The deep elf annihilator is severely wounded.
The deep elf annihilator casts a spell at you.
The crystal spear hits you!
You die...

.................,,,,,,,,,,,,#...
........................,,,,,#...
......................e.,,,,*#.)(
...........#............,,,**#...
..........###...........,,,* #)##
...........#............,,,**##)#
........................,,,,**##)
........................,,,,,* #.
................@e......,,,,,*##.
....###......)..###.....,,,,,##..
..##* ###.....### ***...,,,,*#.##
##* ###.### ***.,,***#### * #)#
***** # #.# ## #.# #. #.#### #.
#.##)## #.


You could see a deep elf master archer and a deep elf annihilator.

Vanquished Creatures
  Nikola (Elf:3)
  A bone dragon (Abyss:3)
  Arachne (Spider:1)
  2 liches
  Jorgrun (Vaults:2)
  The ghost of Arkorax the Brawler, an adept TrFi of Ashenzari (Swamp:1)
  A deep elf blademaster (Elf:3)
  A thorn hunter (Swamp:4)
  5 tentacled starspawn (Abyss:3)
  3 sphinxes
  2 storm dragons (Vaults:3)
  6 deep elf sorcerers
  A fire giant (Vaults:3)
  Donald (Orc:3)
  7 vault wardens
  3 frost giants
  Maud (Lair:4)
  Louise (D:14)
  5 ghost moths
  A cacodemon (Abyss:3)
  8 emperor scorpions
  5 ironheart preservers
  6 stone giants
  7 very ugly things
  A dire elephant (D:15)
  5 deep elf annihilators
  3 deep elf demonologists
  Azrael (Spider:3)
  2 deep elf death magi
  2 spark wasps (Spider:4)
  A minotaur (Lab)
  2 eidola (Abyss:3)
  Snorg (Lair:4)
  2 blizzard demons (Abyss:3)
  2 death oozes (Swamp:4)
  3 green deaths
  An ettin (Vaults:2)
  9 vault guards
  2 fire dragons
  A deep elf high priest (Elf:1)
  7 yaktaur captains
  Fannar (Lair:2)
  A hell beast (Swamp:4)
  An ice dragon (Vaults:3)
  A quicksilver dragon skeleton (Abyss:3)
  A great orb of eyes (Vaults:4)
  8 entropy weavers
  14 hydras
  Erica (D:9)
  The ghost of P0WERM0DE the Experimenter, a novice DDWr of Pakellas (Lair:1)
  13 ogre magi
  6 alligators
  15 dancing weapons (Elf:2)
  A vampire mage (Abyss:3)
  2 ghost crabs
  8 centaur warriors
  11 death yaks
  An orc high priest (Elf:1)
  A tengu warrior (D:14)
  14 thrashing horrors
  2 hell hogs (Abyss:3)
  2 soul eaters (Abyss:3)
  4 hell knights (Vaults:4)
  Sonja (Orc:3)
  Nergalle (D:11)
  A deep troll earth mage (Vaults:4)
  6 wretched stars (Abyss:3)
  14 deep elf knights
  A fire crab (Vaults:4)
  A shadow wraith (Vaults:4)
  An unseen horror (shapeshifter) (Vaults:1)
  3 wizards
  2 flayed ghosts
  2 deep trolls (Vaults:4)
  3 spatial maelstroms (Abyss:3)
  A storm dragon skeleton (Abyss:3)
  31 large abominations
  A shambling mangrove (Swamp:2)
  15 deep elf summoners
  5 swamp dragons (Swamp:4)
  A giant orange brain (Abyss:3)
  A harpy (Vaults:2)
  3 hill giants
  Pikel (D:4)
  9 ironbrand convokers
  17 orb spiders
  A lindwurm (shapeshifter) (D:15)
  A shining eye (Abyss:3)
  9 hornets
  A salamander (shapeshifter) (D:14)
  A mana viper (shapeshifter) (Abyss:3)
  20 ugly things
  2 necromancers
  2 orc sorcerers
  6 orc knights
  4 griffons
  6 cyclopes
  32 wolf spiders
  A salamander (D:15)
  2 manticores
  A moth of wrath (shapeshifter) (D:11)
  2 rust devils (Abyss:3)
  22 elephants
  10 deep elf conjurers
  2 worldbinders (Abyss:3)
  3 moths of wrath
  Maurice (D:8)
  6 black mambas
  11 vault sentinels
  A stone giant skeleton (Vaults:2)
  An octopode (shapeshifter) (Vaults:4)
  2 sixfirhies (Abyss:3)
  4 orange demons
  4 smoke demons (Abyss:3)
  An ice statue (IceCv)
  3 torpor snails
  A guardian serpent (D:12)
  4 gargoyles
  A guardian serpent (shapeshifter) (Elf:2)
  3 centaur skeletons
  6 komodo dragons
  16 spiny frogs
  An efreet (D:15)
  13 demonic crawlers
  A swamp worm zombie (Swamp:1)
  A fire drake (Lair:2)
  A yaktaur (shapeshifter) (Abyss:3)
  A tormentor (Abyss:3)
  9 trolls
  28 yaktaurs
  2 freezing wraiths
  A silent spectre (Abyss:3)
  4 spriggan druids
  9 ancient zymes (Abyss:3)
  A fire drake (shapeshifter) (Vaults:1)
  2 kobold demonologists
  An ice devil (Abyss:3)
  5 giant leeches
  11 deep elf priests
  A hellwing (Abyss:3)
  25 jumping spiders
  30 slime creatures
  18 polar bears
  25 blink frogs
  3 hornet zombies (Swamp:1)
  19 two-headed ogres
  A trapdoor spider zombie (D:11)
  An alligator zombie (Swamp:1)
  A harpy skeleton (D:15)
  16 bog bodies
  20 deep elf magi
  15 raiju (Abyss:3)
  A human simulacrum (Vaults:3)
  3 boulder beetles
  24 spriggans
  21 tarantellas
  4 wyverns
  62 redbacks
  20 trapdoor spiders
  64 yaks
  3 flying skulls (Abyss:3)
  6 shadows
  A yak (shapeshifter) (Vaults:4)
  5 hungry ghosts
  18 starcursed masses (Abyss:3)
  4 ynoxinuls (Abyss:3)
  2 fire elementals
  2 fire bats (Abyss:3)
  3 wraiths
  3 basilisks
  2 water elementals
  31 deep elf fighters
  Eustachio (D:5)
  21 humans (D:14)
  3 neqoxecs (Abyss:3)
  A steam dragon (D:10)
  20 vampire mosquitoes
  2 chaos spawn (Abyss:3)
  16 hippogriffs
  7 insubstantial wisps
  20 swamp worms
  A mottled dragon (D:14)
  4 wargs
  56 wolves
  17 water moccasins
  8 porcupines
  4 spatial vortices (Abyss:3)
  5 hell hounds
  An eye of draining (shapeshifter) (D:15)
  17 ice beasts
  5 swamp drakes
  2 sky beasts
  3 slaves
  49 ogres
  20 orc warriors
  7 black bears
  2 eyes of draining
  14 centaurs
  2 phantoms
  13 wasps
  20 crocodiles
  7 big kobolds (Orc:1)
  17 small abominations
  19 giant frogs
  A water moccasin zombie (Swamp:1)
  A wyvern skeleton (D:14)
  4 scorpions
  19 killer bees
  3 electric eels
  13 wights
  8 crimson imps
  2 wasp zombies
  A giant frog zombie (D:10)
  Crazy Yiuf (D:3)
  6 giant frog skeletons
  11 iguanas
  An iron imp (Abyss:3)
  5 jellies
  12 orc priests
  37 orc wizards
  9 human zombies
  3 human skeletons
  4 quasits
  6 hounds
  6 worker ants
  2 hell rats (Lair:3)
  A killer bee zombie (D:8)
  34 sheep
  A hound zombie (D:10)
  3 worker ant zombies
  15 adders
  4 gnolls (D:2)
  58 river rats
  7 shadow imps
  A white imp (Abyss:3)
  An ufetubus (Abyss:3)
  5 oozes
  An adder skeleton (D:6)
  2 adder zombies
  A worm (D:2)
  6 giant geckos
  105 orcs
  6 giant cockroaches
  8 hobgoblins
  5 jackals
  11 kobolds
  7 quokkas
  A ball python (D:2)
  9 bats
  6 giant newts
  7 goblins
  An orc skeleton (D:7)
  A quokka zombie (D:7)
  6 rats
  5 briar patches (Swamp:4)
  2 bushes (Lair:5)
  4 crawling corpses
  8 fungi
  A lurking horror (Abyss:3)
  14 plants
  7 starspawn tentacles (Abyss:3)
1977 creatures vanquished.

Vanquished Creatures (collateral kills)
  Margery (Vaults:4)
  A war gargoyle (Vaults:4)
  A fire dragon (Vaults:4)
  A yaktaur captain (Vaults:3)
  A hell hog (Abyss:3)
  A hell knight (Vaults:4)
  A deep elf knight (Elf:3)
  A deep troll (Vaults:4)
  8 ugly things
  2 yaktaurs (Vaults:4)
  A deep elf fighter (Elf:3)
  A swamp drake (Swamp:1)
20 creatures vanquished.

Vanquished Creatures (others)
  A deep elf knight (Elf:2)
  A vault sentinel (Vaults:3)
  A spiny frog (Lair:6)
  2 deep elf priests
  A bush (Lair:5)
  5 fungi
  3 plants
  8 starspawn tentacles (Abyss:3)
  127 starspawn tentacle segments (Abyss:3)
149 creatures vanquished.

Grand Total: 2146 creatures vanquished

Notes
Turn   | Place    | Note
--------------------------------------------------------------
     0 | D:1      | Proton the Deep Dwarf Fighter began the quest for the Orb.
     0 | D:1      | Reached XP level 1. HP: 20/20 MP: 1/1
   182 | D:1      | Reached XP level 2. HP: 25/27 MP: 2/2
   647 | D:1      | Reached skill level 1 in Dodging
   788 | D:2      | Found a white marble altar of Elyvilon.
   813 | D:2      | Reached XP level 3. HP: 30/34 MP: 3/3
   857 | D:2      | You fall through a shaft for 2 floors!
   927 | D:4      | Noticed a scorpion
   937 | D:4      | Killed a scorpion
   937 | D:4      | Reached skill level 4 in Armour
   937 | D:4      | Reached XP level 4. HP: 35/42 MP: 4/4
   942 | D:4      | Noticed a slave
   977 | D:4      | Killed a slave
   983 | D:4      | Noticed a slave
   984 | D:4      | Noticed a slave
   985 | D:4      | Noticed Pikel
  1001 | D:3      | Killed a slave
  1006 | D:3      | Found a shadowy altar of Dithmenos.
  1167 | D:3      | Reached XP level 5. HP: 17/49 MP: 5/5
  1194 | D:3      | Noticed an ogre
  1299 | D:2      | Found an iron altar of Okawaru.
  1325 | D:2      | Found a sparkling altar of Nemelex Xobeh.
  1710 | D:2      | Found a shimmering altar of Xom.
  1730 | D:2      | Gained mutation: You can spit weak poison. [potion of mutation]
  1730 | D:2      | Gained mutation: Your flesh is cold resistant. [potion of mutation]
  1730 | D:2      | Gained mutation: You evolve. [potion of mutation]
  1951 | D:3      | Gained mutation: Your spells are a little easier to cast, but a little less powerful. [potion of mutation]
  1951 | D:3      | Gained mutation: Your movements are slightly less encumbered by armour (ER -2). [potion of mutation]
  2279 | D:4      | Killed a slave
  2280 | D:4      | Noticed a slave
  2283 | D:4      | Killed Pikel
  2283 | D:4      | Reached skill level 5 in Armour
  2283 | D:4      | Reached XP level 6. HP: 46/58 MP: 6/6
  2283 | D:4      | Reached XP level 7. HP: 52/66 MP: 7/7
  2328 | D:4      | Reached skill level 5 in Axes
  2333 | D:4      | Identified a +0 rod of inaccuracy (9/9) (You found it on level 3 of the Dungeon)
  2698 | D:5      | Entered Level 5 of the Dungeon
  2794 | D:3      | Noticed Crazy Yiuf
  2800 | D:3      | Killed Crazy Yiuf
  2800 | D:3      | Reached skill level 6 in Armour
  2844 | D:3      | Reached XP level 8. HP: 14/73 MP: 8/8
  3063 | D:5      | Found a staircase to the Ecumenical Temple.
  3075 | Temple   | Entered the Ecumenical Temple
  3363 | D:5      | Reached skill level 5 in Fighting
  3363 | D:5      | Reached skill level 5 in Dodging
  3492 | D:5      | Found a shattered altar of Ashenzari.
  3695 | D:5      | Found a blossoming altar of Fedhas.
  3748 | D:5      | Gained mutation: You occasionally shout uncontrollably at your foes. [evolution]
  3760 | D:5      | Found an oddly glowing altar of Pakellas.
  3802 | D:5      | Became a worshipper of Pakellas the Inventive
  3927 | D:5      | Found Qeqick's Antique Weapon Shoppe.
  3957 | D:5      | Bought an ichor-stained hand axe for 232 gold pieces
  3957 | D:5      | Identified the +3 hand axe "Gaysich" {chop, rF+ Str+3 Stlth+} (You bought it in a shop on level 5 of the Dungeon)
  4253 | D:6      | Found a sacrificial altar of Ru.
  4444 | D:6      | Noticed Eustachio
  4648 | D:5      | Killed Eustachio
  4648 | D:5      | Reached skill level 7 in Armour
  4648 | D:5      | Reached skill level 1 in Evocations
  4990 | D:7      | Gained mutation: You passively map the area around you. [Deep Dwarf growth]
  4990 | D:7      | Reached XP level 9. HP: 58/82 MP: 10/10
  5005 | D:7      | Reached * piety under Pakellas
  5010 | D:7      | Found a radiant altar of Vehumet.
  5101 | D:7      | Found a sparkling altar of Nemelex Xobeh.
  5311 | D:7      | Found Ziothrur's Weapon Boutique.
  5804 | D:7      | Found a basalt altar of Yredelemnul.
  6003 | D:8      | Reached skill level 5 in Evocations
  6043 | D:8      | Reached ** piety under Pakellas
  6043 | D:8      | Received a gift from Pakellas
  6117 | D:8      | Reached skill level 8 in Armour
  6247 | D:8      | Reached XP level 10. HP: 60/92 MP: 6/14
  6350 | D:8      | Noticed Maurice
  6567 | D:8      | Gained mutation: You have a pair of small antennae on your head. [potion of mutation]
  6567 | D:8      | Gained mutation: You have supernaturally acute eyesight. [potion of mutation]
  7199 | D:8      | Killed Maurice
  7313 | D:9      | Found a staircase to the Lair.
  7351 | D:9      | Noticed Erica
  7400 | D:9      | Reached *** piety under Pakellas
  7536 | D:9      | Reached skill level 9 in Axes
  7613 | D:9      | Killed Erica
  7691 | D:9      | Found an ancient bone altar of Kikubaaqudgha.
  7884 | D:9      | Found a bloodstained altar of Trog.
  7966 | D:10     | Entered Level 10 of the Dungeon
  8018 | D:10     | Noticed a red ugly thing
  8145 | D:10     | Found a staircase to the Orcish Mines.
  8151 | D:10     | Paralysed by a wasp for 2 turns
  8196 | D:10     | Killed a red ugly thing
  8196 | D:10     | Reached XP level 11. HP: 37/103 MP: 4/16
  8200 | D:10     | Lost mutation: You have supernaturally acute eyesight. [mutagenic meat]
  8303 | D:10     | Gained mutation: You are weak. (Str -2) [potion of mutation]
  8303 | D:10     | Gained mutation: Your spells are easier to cast, but less powerful. [potion of mutation]
  8303 | D:10     | Gained mutation: Scrolls take you a little longer to read. [potion of mutation]
  8423 | D:10     | Found a roughly hewn altar of Beogh.
  8965 | D:11     | Noticed a hill giant
  8983 | D:11     | Killed a hill giant
  9047 | D:11     | Reached skill level 10 in Axes
  9095 | D:11     | Noticed Nergalle
  9139 | D:11     | Killed Nergalle
  9166 | D:11     | XOM: swap monsters
  9220 | D:11     | Noticed a hill giant
  9223 | D:11     | XOM: swap monsters
  9232 | D:11     | Killed a hill giant
  9319 | D:11     | Noticed an eight-headed hydra
  9328 | D:11     | Killed a two-headed hydra
  9328 | D:11     | Reached skill level 10 in Armour
  9588 | D:12     | Got a translucent chain mail
  9599 | D:12     | Identified the +4 chain mail of Xeimuziha {Dex+5} (You found it on level 12 of the Dungeon)
  9731 | D:12     | Gained mutation: You are clumsy. (Dex -2) [mutagenic meat]
  9999 | D:12     | Reached XP level 12. HP: 68/112 MP: 4/19
 10365 | D:13     | Reached skill level 10 in Dodging
 10425 | D:13     | Lost mutation: Your spells are easier to cast, but less powerful. [mutagenic meat]
 10427 | D:13     | Lost mutation: You are weak. (Str -2) [mutagenic meat]
 10428 | D:13     | Gained mutation: You are surrounded by a mild repulsion field (EV +2). [mutagenic meat]
 10521 | D:13     | Reached skill level 10 in Evocations
 11344 | D:14     | Reached **** piety under Pakellas
 11344 | D:14     | Reached skill level 11 in Axes
 11587 | D:14     | Noticed a vault guard
 11614 | D:14     | Noticed a vault guard
 11628 | D:14     | Killed a vault guard
 11644 | D:14     | Killed a vault guard
 11660 | D:14     | Received a gift from Pakellas
 11690 | D:14     | Found a gate to the Vaults.
 11717 | D:14     | Identified 2 scrolls of acquirement
 11723 | D:14     | Got a pair of scorched gloves
 11726 | D:14     | Got a polished executioner's axe
 11727 | D:14     | Identified the +11 executioner's axe "Ginui" {flame, Str+4} (You acquired it on level 14 of the Dungeon)
 11739 | D:14     | Identified the +1 pair of gloves of Dashyklu {rN++ rCorr Str-2 SInv} (You acquired it on level 14 of the Dungeon)
 11973 | D:14     | Noticed an eight-headed hydra
 11974 | D:14     | Identified a +8 rod of ignition (11/11) (Pakellas gifted it to you on level 14 of the Dungeon)
 11987 | D:14     | Killed a two-headed hydra
 12019 | D:14     | Reached XP level 13. HP: 76/122 MP: 19/21
 12124 | D:14     | Found Kowoe's Book Shoppe.
 12234 | D:14     | Gained mutation: You have a pair of antennae on your head. [evolution]
 12406 | D:14     | Reached skill level 12 in Axes
 12451 | D:14     | Noticed Louise
 12483 | D:14     | Killed Louise
 12483 | D:14     | Reached skill level 10 in Fighting
 12685 | D:15     | Entered Level 15 of the Dungeon
 12807 | D:15     | Lost mutation: You evolve. [mutagenic meat]
 12888 | D:15     | Lost mutation: Scrolls take you a little longer to read. [mutagenic meat]
 12889 | D:15     | Lost mutation: You occasionally shout uncontrollably at your foes. [mutagenic meat]
 12891 | D:15     | Gained mutation: You have sharp toenails. [mutagenic meat]
 12892 | D:15     | Lost mutation: Your spells are a little easier to cast, but a little less powerful. [mutagenic meat]
 12893 | D:15     | Gained mutation: You are partially covered in molten scales (AC +1). [mutagenic meat]
 12895 | D:15     | Gained mutation: You are partially covered in large bone plates (AC +2, SH +2). [mutagenic meat]
 13076 | D:15     | Found a staircase to the Depths.
 13076 | D:15     | Noticed a dire elephant
 13088 | D:15     | Killed a dire elephant
 13905 | Lair:1   | Entered Level 1 of the Lair of Beasts
 13951 | Lair:1   | Gained mutation: You resist negative energy. [Deep Dwarf growth]
 13951 | Lair:1   | Reached XP level 14. HP: 77/133 MP: 9/23
 14291 | Lair:1   | Noticed P0WERM0DE's ghost (novice DDWr)
 14295 | Lair:1   | Killed P0WERM0DE's ghost
 14756 | Lair:2   | Lost mutation: You have a pair of antennae on your head. [potion of mutation]
 14863 | Lair:2   | Noticed Fannar
 14872 | Lair:2   | Killed Fannar
 15128 | Lair:2   | Reached skill level 13 in Axes
 15564 | Lair:3   | Found a hole to the Spider Nest.
 15689 | Lair:3   | Found an oddly glowing altar of Pakellas.
 16299 | Lair:4   | Found a blossoming altar of Fedhas.
 16333 | Lair:4   | Noticed Snorg
 16345 | Lair:4   | Killed Snorg
 16506 | Lair:4   | Found a staircase to the Swamp.
 16559 | Lair:4   | Noticed Maud
 16574 | Lair:4   | Killed Maud
 17084 | Lair:5   | Found a labyrinth entrance.
 17099 | Lab      | Entered a labyrinth
 17229 | Lab      | Got a pitted golden ring
 17235 | Lab      | Identified the ring "Ucat" {rN+ Dex+5 Stlth+} (You found it in a labyrinth)
 17238 | Lab      | Got a transparent broad axe
 17240 | Lab      | Identified the cursed +2 broad axe of the Eight Wonders {freeze, rF+ Str-4 Int+6 Dex+3} (You found it in a labyrinth)
 17332 | Lair:5   | Found a frozen archway.
 17341 | IceCv    | Entered an ice cave
 17656 | IceCv    | Noticed a frost giant
 17671 | IceCv    | Killed a frost giant
 17671 | IceCv    | Reached XP level 15. HP: 107/142 MP: 25/25
 17675 | IceCv    | Reached skill level 14 in Evocations
 18344 | Lair:5   | Found a deep blue altar of Sif Muna.
 18598 | Lair:6   | Reached ***** piety under Pakellas
 18844 | Lair:6   | Found a staircase to the Slime Pits.
 18853 | Lair:6   | Got a twisted lajatang
 18857 | Lair:6   | Identified the +10 lajatang of Death's Door {freeze, *Drain rPois Int+8} (You found it on level 6 of the Lair of Beasts)
 19459 | Lair:7   | Received a gift from Pakellas
 19725 | Lair:7   | Got a warped ruby amulet
 19726 | Lair:7   | Identified the amulet "Vurrefetix" {Regen+ MP+9 Stlth+} (You found it on level 7 of the Lair of Beasts)
 19938 | Lair:8   | Entered Level 8 of the Lair of Beasts
 21067 | Orc:1    | Entered Level 1 of the Orcish Mines
 21102 | Orc:1    | Found a bloodstained altar of Trog.
 21368 | Orc:3    | Found a staircase to the Elven Halls.
 21388 | Orc:3    | Noticed Sonja
 21401 | Orc:3    | Killed Sonja
 21504 | Orc:3    | Noticed Donald
 21505 | Orc:3    | Reached XP level 16. HP: 107/153 MP: 12/27
 21511 | Orc:3    | Killed Donald
 21526 | Orc:3    | Found Kusaid's Off-Brand Ammunition.
 22029 | Orc:1    | Found a roughly hewn altar of Beogh.
 22055 | Orc:1    | Reached skill level 15 in Evocations
 22480 | Orc:4    | Entered Level 4 of the Orcish Mines
 22507 | Orc:4    | Found Ymicur's Weapon Boutique.
 22509 | Orc:4    | Received a gift from Pakellas
 22513 | Orc:4    | Reached skill level 15 in Axes
 22533 | Orc:4    | Found Bikuewea's Gadget Emporium.
 22533 | Orc:4    | Found Sizaqos's General Store.
 22533 | Orc:4    | Found Aveng's Food Shoppe.
 22614 | Orc:4    | Found Laynioko's Quality Used Wands.
 23281 | Swamp:1  | Entered Level 1 of the Swamp
 23288 | Swamp:1  | Noticed Arkorax's ghost (adept TrFi)
 23306 | Swamp:1  | Killed Arkorax's ghost
 23538 | Swamp:1  | Found a sparkling altar of Nemelex Xobeh.
 25430 | Swamp:4  | Entered Level 4 of the Swamp
 25485 | Swamp:4  | Reached skill level 15 in Dodging
 25499 | Swamp:4  | Reached skill level 15 in Armour
 25523 | Swamp:4  | Reached skill level 16 in Evocations
 26012 | Swamp:4  | Reached XP level 17. HP: 123/163 MP: 16/29
 26102 | Swamp:4  | Gained mutation: You are robust (+10% HP). [mutagenic meat]
 26103 | Swamp:4  | Gained mutation: Your spells are a little harder to cast, but a little more powerful. [mutagenic meat]
 26198 | Swamp:4  | Got a decaying rune of Zot
 26451 | Spider:1 | Entered Level 1 of the Spider Nest
 27124 | Spider:2 | Noticed Arachne
 27131 | Spider:1 | Killed Arachne
 27191 | Spider:2 | Received a gift from Pakellas
 27516 | Spider:2 | Reached skill level 17 in Evocations
 27996 | Spider:3 | Noticed Azrael
 27999 | Spider:3 | Killed Azrael
 28672 | Spider:4 | Entered Level 4 of the Spider Nest
 28717 | Spider:4 | Gained mutation: You passively map a large area around you. [Deep Dwarf growth]
 28717 | Spider:4 | Reached XP level 18. HP: 103/192 MP: 30/30
 29423 | Spider:4 | Got a gossamer rune of Zot
 29627 | Spider:4 | Lost mutation: Your spells are a little harder to cast, but a little more powerful. [mutagenic meat]
 29630 | Spider:4 | Lost mutation: You are robust (+10% HP). [mutagenic meat]
 29631 | Spider:4 | Gained mutation: You expend magic power (3 MP) to strengthen your wands. [mutagenic meat]
 30323 | Vaults:1 | Entered Level 1 of the Vaults
 30707 | Vaults:1 | Got a translucent cloak
 30730 | Vaults:1 | Identified the +1 cloak "Bekkuiwou" {SInv} (You acquired it on level 1 of the Vaults)
 31014 | Vaults:1 | Found Ofituif's Distillery.
 31023 | Vaults:1 | Bought a potion of heal wounds for 65 gold pieces
 31023 | Vaults:1 | Bought a potion of ambrosia for 104 gold pieces
 31023 | Vaults:1 | Bought a potion of ambrosia for 104 gold pieces
 31023 | Vaults:1 | Bought a potion of might for 52 gold pieces
 31023 | Vaults:1 | Bought a potion of mutation for 32 gold pieces
 31026 | Vaults:1 | Lost mutation: Your movements are slightly less encumbered by armour (ER -2). [potion of mutation]
 31026 | Vaults:1 | Gained mutation: You possess an exceptional clarity of mind. [potion of mutation]
 31135 | Vaults:1 | Reached skill level 18 in Evocations
 31419 | Vaults:1 | Received a gift from Pakellas
 31590 | Vaults:1 | Cast into level 3 of the Abyss (a deep elf demonologist)
 31943 | Abyss:3  | Noticed a bone dragon
 31955 | Abyss:3  | Killed a bone dragon
 31955 | Abyss:3  | Reached XP level 19. HP: 112/183 MP: 7/32
 32072 | Abyss:3  | Gained mutation: You are occasionally teleported next to monsters. [mutagenic meat]
 32073 | Abyss:3  | Gained mutation: You are very clumsy. (Dex -4) [mutagenic meat]
 32074 | Abyss:3  | Lost mutation: You expend magic power (3 MP) to strengthen your wands. [mutagenic meat]
 32297 | Abyss:3  | Identified the Volume of the Mutagenic Frostbite
 32299 | Abyss:3  | Found a corrupted altar of Lugonu.
 32432 | Abyss:3  | Found a corrupted altar of Lugonu.
 32483 | Abyss:3  | Reached skill level 15 in Fighting
 32957 | Abyss:3  | Found a corrupted altar of Lugonu.
 32976 | Abyss:3  | Found a corrupted altar of Lugonu.
 33002 | Abyss:3  | Found an opulent altar of Gozag.
 33016 | Abyss:3  | Found an opulent altar of Gozag.
 33295 | Vaults:1 | Escaped the Abyss
 33450 | Vaults:1 | Reached skill level 19 in Evocations
 33749 | Vaults:2 | Noticed Jorgrun
 33757 | Vaults:2 | Killed Jorgrun
 33774 | Vaults:2 | Cast into level 2 of the Abyss (a deep elf sorcerer)
 33816 | Vaults:2 | Escaped the Abyss
 33955 | Vaults:2 | Reached XP level 20. HP: 126/195 MP: 19/33
 33973 | Vaults:2 | Reached XP level 21. HP: 130/202 MP: 23/34
 35072 | Vaults:3 | Found a staircase to the Crypt.
 35113 | Vaults:3 | Received a gift from Pakellas
 35266 | Vaults:3 | Gained mutation: Armour fits poorly on your strangely shaped body. [mutagenic meat]
 35268 | Vaults:3 | Lost mutation: You are very clumsy. (Dex -4) [mutagenic meat]
 35269 | Vaults:3 | Lost mutation: You can spit weak poison. [mutagenic meat]
 35270 | Vaults:3 | Gained mutation: Your magical capacity is low (-10% MP). [mutagenic meat]
 35271 | Vaults:3 | Gained mutation: You can breathe flames. [mutagenic meat]
 35274 | Vaults:3 | Lost mutation: Your flesh is cold resistant. [mutagenic meat]
 35275 | Vaults:3 | Lost mutation: You have a pair of small antennae on your head. [potion of cure mutation]
 35275 | Vaults:3 | Lost mutation: You are clumsy. (Dex -2) [potion of cure mutation]
 35275 | Vaults:3 | Lost mutation: You have sharp toenails. [potion of cure mutation]
 35275 | Vaults:3 | Lost mutation: You can breathe flames. [potion of cure mutation]
 35416 | Vaults:3 | Gained mutation: You are resistant to hostile enchantments. [mutagenic meat]
 35855 | Vaults:4 | Gained mutation: You are agile. (Dex +2) [mutagenic meat]
 35856 | Vaults:4 | Gained mutation: You are dopey. (Int -2) [mutagenic meat]
 35857 | Vaults:4 | Gained mutation: Your flesh is cold resistant. [mutagenic meat]
 35944 | Vaults:4 | Lost mutation: You are partially covered in molten scales (AC +1). [mutagenic meat]
 35946 | Vaults:4 | Lost mutation: You are dopey. (Int -2) [mutagenic meat]
 36033 | Vaults:4 | Noticed Margery
 36040 | Vaults:4 | Found a stormy altar of Qazlal.
 36235 | Vaults:4 | Killed Margery
 36235 | Vaults:4 | Reached skill level 20 in Evocations
 37213 | Vaults:5 | Entered Level 5 of the Vaults
 37512 | Elf:1    | Entered Level 1 of the Elven Halls
 37699 | Elf:1    | Reached XP level 22. HP: 148/214 MP: 32/32
 38706 | Elf:2    | Lost mutation: You are agile. (Dex +2) [mutagenic meat]
 38707 | Elf:2    | Lost mutation: You are resistant to hostile enchantments. [mutagenic meat]
 39195 | Elf:2    | Found a huge runed gate.
 39195 | Elf:2    | Found a huge runed gate.
 39195 | Elf:2    | Found a huge runed gate.
 39195 | Elf:2    | Found a huge runed gate.
 39197 | Elf:2    | Found a huge runed gate.
 39660 | Elf:3    | Entered Level 3 of the Elven Halls
 40176 | Elf:3    | Noticed Nikola
 40215 | Elf:3    | Killed Nikola
 40537 | Elf:3    | Killed from afar by a deep elf annihilator

Vault maps used:
D:1:      lemuel_arrival_river_ford, serial_forest, infiniplex_forest_end_2,
          infiniplex_forest_straight_2, infiniplex_forest_lined_corner,
          infiniplex_forest_straight_2, infiniplex_forest_straight_4,
          infiniplex_forest_clump_double, infiniplex_forest_straight_2
D:2:      elyvilon_altar_3, marbit_many_paths, okawaru_metal_pillars_3,
          nemelex_lonely_heart_becter
D:3:      nicolae_dithmenos_shadow_blocks, hangedman_abyss_or_decor_stabs,
          uniq_crazy_yiuf_cottage
D:4:      first_bread, uniq_pikel
D:5:      ashenzari_conservatory_becter, grunt_temple_overflow_open,
          temple_statues, serial_shops, nicolae_shop_waterfront
D:6:      nicolae_ru_great_annihilating_truth, uniq_eustachio
D:7:      lemuel_coloured_pillars_altar, vehumet_crystals, serial_shops, shop,
          lemuel_mausoleum_altar_yredelemnul
D:8:      the_bakery, eino_curves_02, uniq_maurice
D:9:      old_standard_altar, nicolae_overflow_hidden_temple, lair_0_dummy,
          uniq_erica
D:10:     minmay_orc_entry_temple_small, serial_glass, glass_columns_b,
          glass_columns_b, due_unseen_surprise
D:11:     uniq_nergalle
D:12:     minmay_misc_feat_plants, nrook_guardian_serpent_ordinary
D:13:     spider_trap, kennysheep_generic_room_12
D:14:     grunt_vaults_entry_tiered, minmay_misc_feat_rows, serial_shops,
          nicolae_shop_behind_doors, grunt_ministairs_12, uniq_louise
D:15:     hangedman_depths_entry_try_elsewhere_first, minmay_crystal_water
Temple:   jpeg_temple_alley_garden_8
Lair:1:   gammafunk_lair_bear_cave, lemuel_fruit_fields, grunt_megastairs_4,
          serial_bayou_shore_b
Lair:2:   wad_woods_02, lemuel_fruit_fields, uniq_fannar
Lair:3:   kennysheep_rathole, spider_nest_entry_rubble, basic_altar
Lair:4:   minmay_swamp_entry_worms, basic_altar, st_stairs_3,
          forest_entry_grove, uniq_snorg, uniq_maud
Lair:5:   basic_altar, lab_entry_generic, portal_ice_cave_entry_ice_beasts,
          minmay_hedge_maze, lemuel_fruit_tree
Lair:6:   nicolae_slime_entry_slimehenge, infiniplex_staircase_pool
Lair:8:   minmay_lair_end_enchanted_forest
Swamp:1:  basic_altar, nicolae_swamp_necromancer_hut
Swamp:2:  hangedman_swamp_ruin_hall, swamp_pool1, nicolae_swamp_trees_clearing,
          hangedman_swamp_pad
Swamp:3:  evilmike_swamp_ruin_wall, swamp_pool3, nicolae_swamp_dense_foliage
Swamp:4:  swamp_vile
Spider:2: nicolae_spider_hall_of_the_moth_king, spider_trap, uniq_arachne
Spider:3: uniq_azrael
Spider:4: guppyfry_spider_rune
Orc:1:    basic_altar, special_room, trog_book
Orc:2:    guppyfry_library_mini
Orc:3:    nicolae_orc_pool_cavern, nicolae_offbrand_ammo, uniq_donald,
          uniq_sonja
Orc:4:    st_orc_ogre_mass, nicolae_for_you_no_charge
Elf:1:    elf_arrival_001, kennysheep_underground_church, laboratory
Elf:3:    minmay_elf_hall, uniq_nikola
Vaults:1: hangedman_vaults_corner, ontoclasm_vaults_shuriken,
          nicolae_vaults_know_your_exits, v_misc_1,
          nicolae_vaults_little_squares_6, nicolae_vaults_what_the_h,
          nicolae_vaults_little_squares_3, ontoclasm_vaults_loading_screen,
          serial_shops, nicolae_shop_trees
Vaults:2: ontoclasm_vaults_hangar, v_rooms_5, ontoclasm_vaults_eye,
          v_alt_pattern_5, hangedman_vaults_nodes, hangedman_vaults_stitches,
          hangedman_vaults_restitches, v_misc_22,
          nicolae_vaults_ring_of_whatevers, st_cells,
          hangedman_vaults_stretched_pinwheel, ontoclasm_vaults_decontamination,
          nicolae_vaults_little_squares_1, uniq_jorgrun
Vaults:3: vaults_room_fours, vaults_standard_mumra_enter_the_diamond, v_rooms_1,
          vaults_mumra_hexcomb, st_spiral_rooms,
          minmay_crypt_entry_nasty_monster, vaults_standard_mumra_x,
          ontoclasm_vaults_gateway, v_pattern_2
Vaults:4: ontoclasm_vaults_spin, v_pattern_3, vaults_room_pools, v_rooms_6,
          v_alt_pattern_4, v_misc_13, vaults_dpeg_spiral,
          nicolae_vaults_three_branches, ontoclasm_vaults_pinch,
          nicolae_vaults_little_ls, nicolae_vaults_lopsided_apartments,
          basic_altar, uniq_margery
Vaults:5: serial_shops
Abyss:2:  evilmike_abyss_exit_16
Abyss:3:  kb_abyss_rune_zappy
Lab:      nicolae_lab_grate, labyrinth_glass_1, nicolae_lab_statue,
          nicolae_lab_swirl, labyrinth_skeletal_remains,
          nicolae_lab_very_dead_end
IceCv:    ice_cave_caverns_01

Action                   |  1- 3 |  4- 6 |  7- 9 | 10-12 | 13-15 | 16-18 | 19-21 | 22-24 || total
-------------------------+-------+-------+-------+-------+-------+-------+-------+-------++-------
Melee: War axe           |    61 |   147 |   205 |       |       |       |       |       ||   413
       Hand axe          |       |       |   376 |   959 |       |       |       |       ||  1335
       Unarmed           |       |       |    10 |       |       |       |       |       ||    10
       Scimitar          |       |       |       |    15 |       |       |       |       ||    15
       Executioner's axe |       |       |       |    14 |   971 |  1203 |   806 |   314 ||  3308
Throw: Tomahawk          |     4 |     1 |    12 |     8 |       |       |       |       ||    25
       Javelin           |       |       |       |     1 |       |       |       |       ||     1
Invok: Quick Charge      |       |       |     4 |    35 |    25 |    41 |    22 |    10 ||   137
       Device Surge      |       |       |       |     1 |       |       |       |       ||     1
 Abil: Spit Poison       |       |       |       |       |       |    32 |     1 |       ||    33
Evoke: Wand              |       |     1 |    20 |    59 |    55 |   107 |    62 |    26 ||   330
       Rod               |       |       |     1 |     1 |     1 |       |     1 |       ||     4
       Piece from Xom's  |       |       |       |     3 |       |       |       |       ||     3
       Stone of tremors  |       |       |       |     1 |       |     1 |     1 |       ||     3
       Phial of floods   |       |       |       |       |       |     1 |       |     1 ||     2
       Box of beasts     |       |       |       |       |       |     1 |       |       ||     1
       Sack of spiders   |       |       |       |       |       |       |     5 |       ||     5
  Use: Scroll            |       |     8 |    10 |    13 |    11 |     8 |     8 |     4 ||    62
       Potion            |       |     2 |     1 |     2 |     1 |     7 |     2 |       ||    15
 Stab: Paralysed         |       |       |     1 |       |       |       |       |       ||     1
       Confused          |       |       |     1 |       |     1 |       |     1 |       ||     3
       Distracted        |       |       |       |       |       |     1 |     1 |       ||     2
  Eat: Bread ration      |       |     1 |       |       |     1 |     3 |     4 |     1 ||    10
       Meat ration       |       |       |     3 |     4 |     4 |     5 |       |     1 ||    17
       Beef jerky        |       |       |     1 |     2 |     1 |     3 |     3 |     1 ||    11
       Pizza             |       |       |       |     2 |     3 |       |       |     1 ||     6
       Chunk             |       |       |       |     8 |    11 |    10 |    29 |     2 ||    60
       Royal jelly       |       |       |       |     1 |     2 |       |     1 |       ||     4
       Fruit             |       |       |       |       |       |     2 |       |       ||     2
